 Dungeon Crawl Stone Soup version 0.13.0-59-g13bd910 (webtiles) character file.

139 M4edhros the Ducker (level 3, -5/24 HPs)
             Began as an Octopode Artificer on Nov 18, 2013.
             Killed by divine providence
             ... invoked by an orc priest
              (9 damage)
             ... on Level 4 of the Dungeon.
             The game lasted 00:01:19 (1167 turns).

M4edhros the Ducker (Octopode Artificer)            Turns: 1167, Time: 00:01:19

HP  -5/24        AC  1     Str 10      XL: 3   Next: 97%
MP   4/4         EV 13     Int 15      God:
Gold 83          SH  0     Dex 12      Spells:  0 memorised,  2 levels left

Res.Fire  : . . .   See Invis. : .   j - +0 short sword (venom)
Res.Cold  : . . .   Warding    : .   (no shield)
Life Prot.: . . .   Conserve   : .   (helmet restricted)
Res.Poison: .       Res.Corr.  : .   (no amulet)
Res.Elec. : .       Clarity    : .   (no ring)
Sust.Abil.: . .     Spirit.Shd : .   (no ring)
Res.Mut.  : .       Stasis     : .   (no ring)
Res.Rott. : .       Flight     : .   (no ring)
Saprovore : . . .                    (no ring)
                                     (no ring)
                                     (no ring)
                                     (no ring)

@: not resistant to hostile enchantments, stealthy
A: almost no armour, amphibious, 8 rings, constrict 8, camouflage 1, AC +1
a: no special abilities


You were on level 4 of the Dungeon.
You were hungry.

You visited 1 branch of the dungeon, and saw 4 of its levels.

You collected 63 gold pieces.

Inventory:

Hand weapons
 a - a +0,+0 short sword
 j - a +0,+0 short sword of venom (weapon)
Armour
 l - a +2 wizard hat
Magical devices
 b - a wand of flame (15)
 c - a wand of enslavement (12)
 d - a wand of random effects (15)
Comestibles
 f - a bread ration
 p - a rotting chunk of adder flesh
Scrolls
 h - 2 scrolls of teleportation {unknown}
 i - a scroll of recharging
 m - a scroll of amnesia {unknown}
 n - a scroll of curse weapon {unknown}
 o - a scroll of enchant armour {unknown}
 q - 3 scrolls of remove curse {unknown}
Potions
 g - a potion of paralysis {unknown}
 k - a potion of restore abilities {unknown}
 r - a potion of berserk rage {unknown}


   Skills:
 - Level 1.0 Fighting
 - Level 1.0 Short Blades
 + Level 4.1 Dodging
 - Level 1.3 Stealth
 - Level 3.2 Evocations


You had 2 spell levels left.
You didn't know any spells.

Dungeon Overview and Level Annotations

Branches:
Dungeon (4/27)
 Temple: D:4-7

Altars:


Innate Abilities, Weirdness & Mutations

You cannot wear most types of armour.
You are amphibious.
You can wear up to eight rings at the same time.
You can use your tentacles to constrict many enemies at once.
Your skin changes colour to match your surroundings (Stlth).
Your rubbery body absorbs attacks (AC +1).


Message History

Press: ? - help, Shift-Dir - straight line Nothing appears to happen.
This wand has 12 charges left.
Something completely misses your orc wizard.
What do you say? t - Shout!
Orders for allies: a - Attack new target. r - Retreat! s - Stop attacking. w - Wait here. f - Follow me.
Anything else - Stay silent.
Gang up on whom?
Press: ? - help, Dir - move target cursor, f - orc
Aim: an orc, wielding an orcish war axe Attack!
Your orc wizard hits the orc with an orcish dagger.
There is a stone staircase leading up here.
Drink which item? (? for menu, Esc to quit)
Okay, then.
The orc priest mumbles some strange prayers to Beogh against you.
Something smites you!
You die...

#o### #...#
###.## #.o#
#####o####
#.)...)..#
#...o....#.
+.o...........
#.@......##...
#........# ..
##########


You could see an orc priest, an orc wizard, an orc and a friendly orc wizard
(invisible).

Vanquished Creatures
  4 adders
  A ball python (D:1)
  2 bats (D:1)
  A giant cockroach (D:3)
  4 goblins
  3 hobgoblins (D:1)
  2 jackals (D:2)
  4 kobolds
  2 rats
  A rat skeleton (D:4)
24 creatures vanquished.

Notes
Turn   | Place    | Note
--------------------------------------------------------------
     0 | D:1      | M4edhros, the Octopode Artificer, began the quest for the Orb.
     0 | D:1      | Reached XP level 1. HP: 14/14 MP: 1/1
   347 | D:1      | Reached XP level 2. HP: 14/19 MP: 3/3
   593 | D:2      | Reached XP level 3. HP: 13/24 MP: 4/4
  1089 | D:3      | Reached skill level 4 in Dodging
  1167 | D:4      | Killed from afar by an orc priest

Action                   || total
-------------------------++-------
Melee: Short sword       ||    50
Evoke: Wand              ||     3
  Use: Potion            ||     1
 Stab: Sleeping          ||     2
